 Dungeon Crawl Stone Soup version 0.27-a0-1191-g601b473118 (webtiles) character file.

Game seed: 16760075446004834319

5345 gruber the Arsonist (level 10, -10/86 HPs)
             Began as a Demigod Fire Elementalist on May 23, 2021.
             Splashed by an acid dragon's acid (15 damage)
             ... on level 8 of the Dungeon.
             The game lasted 00:14:11 (10642 turns).

gruber the Arsonist (Demigod Fire Elementalist)    Turns: 10642, Time: 00:14:12

Health: -10/86     AC:  3    Str: 15    XL:     10   Next: 16%
Magic:  6/19       EV: 15    Int: 29    God:
Gold:   476        SH:  0    Dex: 14    Spells: 7/17 levels left

rFire    + . .     SeeInvis .   K - +3 spear (venom)
rCold    . . .     Faith    .   (no shield)
rNeg     . . .     Spirit   .   E - +0 leather armour {rF+}
rPois    .         Reflect  .   y - +1 helmet
rElec    .         Harm     .   A - +0 cloak
rCorr    .         Rampage  .   z - +0 pair of gloves
Will     +....                  (no boots)
Stlth    ++........             o - amulet of regeneration
HPRegen  1.24/turn              p - +6 ring of strength
MPRegen  0.16/turn              t - +4 ring of evasion

@: corroded
A: high mp 1, forlorn
a: no special abilities


You were on level 8 of the Dungeon.
You visited 2 branches of the dungeon, and saw 9 of its levels.
You also visited: Sewer.

You collected 476 gold pieces.

Inventory:

Hand Weapons
 e - the +14 obsidian axe {vorpal, Drain Fly SInv}
   (You took it off an orc wizard on level 8 of the Dungeon)

   It inflicts extra damage upon your enemies.
   It lets you see invisible.
   It grants you flight.
   It drains your maximum health when unequipped.
 K - a +3 spear of venom (weapon)
Missiles
 n - 3 curare-tipped darts
 F - a throwing net
Armour
 a - a +0 robe
 y - a +1 helmet (worn)
 z - a +0 pair of gloves (worn)
 A - a +0 cloak (worn)
 E - a +0 leather armour of fire resistance (worn)
Jewellery
 o - an amulet of regeneration (around neck)
 p - a +6 ring of strength (left hand)
 t - a +4 ring of evasion (right hand)
 v - a ring of willpower
 w - a ring of positive energy
Wands
 H - a wand of polymorph (10)
 I - a wand of mindburst (9)
Scrolls
 b - 2 scrolls of fog {unknown}
 h - 11 scrolls of identify {unknown}
 j - 3 scrolls of enchant weapon {unknown}
 k - 3 scrolls of vulnerability {unknown}
 m - 9 scrolls of teleportation
 q - 3 scrolls of enchant armour {unknown}
 r - 4 scrolls of amnesia {unknown}
 s - 3 scrolls of immolation {unknown}
 x - a scroll of blinking {unknown}
 B - a scroll of summoning
 D - a scroll of torment {unknown}
Potions
 c - a potion of resistance {unknown}
 d - a potion of curing {unknown}
 f - 2 potions of brilliance
 g - a potion of might {unknown}
 i - 4 potions of heal wounds
 l - a potion of ambrosia {unknown}
 u - 9 potions of flight
 C - a potion of lignification {unknown}
 G - a potion of degeneration {unknown}
 J - a potion of berserk rage {unknown}


   Skills:
 - Level 7.0 Fighting
 - Level 0.1 Long Blades
 - Level 0.1 Axes
 - Level 0.1 Maces & Flails
 - Level 0.1 Staves
 - Level 0.3 Slings
 - Level 0.1 Bows
 - Level 0.1 Crossbows
 - Level 1.7 Dodging
 - Level 1.7 Stealth
 - Level 0.3 Shields
 - Level 4.1 Spellcasting
 - Level 5.0 Conjurations
 - Level 0.1 Hexes
 - Level 0.1 Summonings
 - Level 0.1 Necromancy
 - Level 0.1 Translocations
 - Level 0.1 Transmutations
 * Level 10.5 Fire Magic
 - Level 0.1 Ice Magic
 - Level 0.1 Air Magic
 - Level 0.1 Earth Magic
 - Level 0.1 Poison Magic
 - Level 0.1 Evocations


You had 7 spell levels left.
You knew the following spells:

 Your Spells              Type           Power      Damage    Failure   Level
a - Foxfire               Conj/Fire      100%       2x1d9     1%          1
b - Sticky Flame          Conj/Fire      50%        2d7       3%          4
c - Fireball              Conj/Fire      25%        3d11      10%         5

Your spell library contained the following spells:

 Spells                   Type           Power      Damage    Failure   Level
 Conjure Flame            Conj/Fire      50%        6-21      1%          3
 Inner Flame              Hex/Fire       36%        N/A       2%          3
 Confusing Touch          Hex            6%         N/A       24%         3
 Gell's Gravitas          Tloc           3%         N/A       24%         3
 Petrify                  Tmut/Erth      6%         N/A       63%         4
 Metabolic Englaciation   Hex/Ice        3%         N/A       92%         5
 Yara's Violent Unravell  Hex/Tmut       3%         3d4       92%         5


Dungeon Overview and Level Annotations

Branches:
Dungeon (8/15)             Temple (1/1) D:4           Sewer (visited)
   Lair: D:8-11

Annotations:
D:3 3 runed translucent doors, wakim's ghost, amateur TrFi


Innate Abilities, Weirdness & Mutations

Your attributes grow dramatically as you level up.
You have an increased reservoir of magic. (+10% MP)
You shall have no god before yourself.


Message History

Press: ? - help, Shift-Dir - straight line, f/p - centaur warrior
Aim: a centaur warrior, wielding a +0 flail and quivering arrows (severely wounded, covered in liquid flames, 100% to hit)
The sticky flame hits the centaur warrior.
The centaur warrior is almost dead.
The centaur warrior burns!
The centaur warrior misses you. The centaur warrior barely misses you.
The gnoll hits you from afar with a +0 vorpal spear.
* * * LOW HITPOINT WARNING * * *
x2 Unknown command.
Casting: Sticky Flame (dangerous; 3% risk of failure)
Confirm with . or Enter, or press ? or * to list all spells.
You don't have enough magic to cast this spell.
Unknown command.
Unknown command.
Aiming: Mindburst
Press: ? - help, Shift-Dir - straight line, f/p - centaur warrior
Aim: a centaur warrior, wielding a +0 flail and quivering arrows (almost dead, covered in liquid flames, chance to affect: 48%)
The centaur warrior's mind is blasted!
You blow up the centaur warrior!
The gnoll hits you from afar with a +0 vorpal spear.
* * * LOW HITPOINT WARNING * * *
x2 Your Fire Magic skill increases to level 10!
Unknown command.
A gnoll comes into view. It is wielding a +0 whip.
The gnoll shouts!
The gnoll sergeant zaps a wand.
You easily resist.
The gnoll sergeant zaps a wand.
You easily resist.
The gnoll completely misses you.
Found 23 arrows.
Found a +0 dagger.
The acid dragon spits acid at you. The splash of acid hits you!
* * * LOW HITPOINT WARNING * * *
You are splashed with acid!
* * * LOW HITPOINT WARNING * * *
The acid dragon spits acid at you. The splash of acid hits you!
* * * LOW HITPOINT WARNING * * *
The acid corrodes you!
You are splashed with acid!
You die...

..........#.######.# #..
###.....#.#......#.# #.#
....g...#.######'#.# #.#
####....#.##.......# #.#
(.......#.##.......# #.#
###g)...#.##.......# #.#
#.....#)#...[..#.# #.# ####
###.#####.#.######.###.#######...
..........g.g.g.@................
###.#####.#..D.........#######...
#.# #.#..........).# #... #.#
#.#)...........# #... #.#
#.#............#######... ...
.....................'... #)#
#.#...........########... ..
#.#######.....# #... +.....# ###'


You could see an acid dragon (catching breath), a gnoll sergeant and 2 gnolls.

Vanquished Creatures
  2 centaur warriors (D:8)
  A gargoyle (D:7)
  A kobold demonologist (D:8)
  5 yaks
  A steam dragon (D:8)
  4 water moccasins
  An ice beast (D:8)
  A black bear (D:7)
  A sky beast (D:8)
  3 necrophages
  3 ogres
  2 centaurs
  A phantom (D:4)
  2 bullfrogs
  A gnoll sergeant (D:7)
  3 scorpions
  A howler monkey (D:5)
  4 hounds
  A centaur zombie (D:7)
  2 jellies
  2 orc priests
  Crazy Yiuf (D:5)
  A bullfrog skeleton (D:5)
  A centaur skeleton (D:7)
  2 iguanas
  Natasha (D:2)
  2 orc wizards
  A merfolk siren (Sewer)
  A merfolk avatar (Sewer)
  2 hound skeletons (D:4)
  3 adders (D:4)
  12 gnolls
  3 river rats (Sewer)
  A shadow imp (D:6)
  2 dart slugs
  4 worms
  18 orcs
  15 ball pythons
  9 endoplasms
  3 giant cockroaches
  5 hobgoblins
  3 jackals (D:1)
  4 quokkas
  4 bats
  11 frilled lizards
  8 goblins
  4 kobolds
  28 rats
191 creatures vanquished.

Vanquished Creatures (collateral kills)
  2 foxfires (D:7)
2 creatures vanquished.

Vanquished Creatures (others)
  817 foxfires
  5 plants (D:7)
822 creatures vanquished.

Grand Total: 1015 creatures vanquished

Notes
Turn   | Place    | Note
-------+----------+-------------------------------------------
     0 | D:1      | gruber the Demigod Fire Elementalist began the quest for
                  | the Orb.
     0 | D:1      | Reached XP level 1. HP: 14/14 MP: 5/5
    98 | D:1      | Reached skill level 1 in Conjurations
   171 | D:1      | Reached skill level 3 in Fire Magic
   370 | D:1      | Reached XP level 2. HP: 15/20 MP: 0/7
  1442 | D:2      | Reached XP level 3. HP: 26/26 MP: 8/8
  2382 | D:3      | Noticed Natasha
  2404 | D:2      | Killed Natasha
  2509 | D:3      | Reached XP level 4. HP: 33/33 MP: 7/10
  3496 | D:3      | Found a runed translucent gate.
  3497 | D:3      | Found a runed translucent gate.
  3500 | D:3      | Found a runed translucent gate.
  3500 | D:3      | Noticed wakim's ghost (amateur TrFi)
  3772 | D:4      | Reached XP level 5. HP: 38/38 MP: 5/12
  3777 | D:4      | Learned a level 4 spell: Sticky Flame
  3978 | D:4      | Noticed an ogre
  3986 | D:4      | Killed an ogre
  3987 | D:4      | Reached skill level 4 in Fire Magic
  4155 | D:4      | Reached XP level 6. HP: 16/45 MP: 6/14
  4886 | D:4      | Found a staircase to the Ecumenical Temple.
  5074 | Temple   | Entered the Ecumenical Temple
  5129 | D:5      | Entered Level 5 of the Dungeon
  5291 | D:5      | Reached XP level 7. HP: 50/50 MP: 8/16
  5504 | D:5      | Reached skill level 5 in Conjurations
  5626 | D:5      | Found a runed translucent door.
  5627 | D:5      | Noticed Crazy Yiuf
  5696 | D:5      | Reached skill level 5 in Fire Magic
  6217 | D:5      | Killed Crazy Yiuf
  6349 | D:6      | Reached skill level 6 in Fire Magic
  6636 | D:6      | Found a glowing drain.
  6650 | Sewer    | Entered a sewer
  7660 | D:6      | Reached XP level 8. HP: 48/57 MP: 10/17
  7745 | D:6      | Reached skill level 7 in Fire Magic
  8176 | D:7      | Reached skill level 8 in Fire Magic
  8304 | D:7      | Reached skill level 1 in Fighting
  9276 | D:8      | Reached XP level 9. HP: 69/72 MP: 13/18
  9315 | D:8      | Reached skill level 5 in Fighting
  9791 | D:8      | Noticed a kobold demonologist
  9791 | D:8      | Noticed a gargoyle
  9848 | D:7      | Learned a level 5 spell: Fireball
  9891 | D:7      | Killed a gargoyle
  9892 | D:7      | Reached skill level 9 in Fire Magic
 10006 | D:8      | Killed a kobold demonologist
 10373 | D:8      | Noticed a centaur warrior
 10381 | D:8      | Killed a centaur warrior
 10382 | D:8      | Reached XP level 10. HP: 7/86 MP: 4/19
 10595 | D:8      | Noticed a centaur warrior
 10609 | D:8      | HP: 4/86 [gnoll/+0 vorpal spear (2)]
 10610 | D:8      | Killed a centaur warrior
 10611 | D:8      | Reached skill level 10 in Fire Magic
 10642 | D:8      | Splashed by an acid dragon's acid

Illustrated notes

Levels and vault maps discovered:
D:1:      evilmike_arrival_crescent, layout_rooms, basic_ecumenical_altar,
          serial_park_tiny_1, minmay_pentomino_p2
D:2:      minmay_door_path, layout_loops_ring, basic_altar
D:3:      layout_basic, gammafunk_ghost_necromancy, uniq_natasha
D:4:      layout_loops_ring, temple_hall
D:5:      layout_rooms, serial_corexii_hall, corexii_hall_statues_i,
          corexii_hall_statues_u, corexii_hall_statues_s,
          corexii_hall_statues_x, corexii_hall_statues_deadend,
          corexii_hall_statues_l, uniq_crazy_yiuf_cottage
D:6:      layout_basic, cheibrodos_sewer_entry_sluice, minmay_misc_feat_tower,
          ebering_dispersal_statue_hall, minmay_holes
D:7:      layout_basic, serial_bayou_pond_b
D:8:      minmay_chambers_of_sevens, layout_basic, uniq_erica
Temple:   nicolae_temple_x_marks_the_god

Skill      XL: |  1  2  3  4  5  6  7  8  9 10 |
---------------+-------------------------------+-----
Conjurations   | 1 2 3 4 5 |  5.0
Fire Magic     | 3 4 6 8 9 10 | 10.5
Spellcasting   | 2 3 4 |  4.1
Fighting       | 4 7 |  7.0
Long Blades    | |  0.1
Axes           | |  0.1
Maces & Flails | |  0.1
Staves         | |  0.1
Slings         | |  0.3
Bows           | |  0.1
Crossbows      | |  0.1
Dodging        | |  1.7
Stealth        | |  1.7
Shields        | |  0.3
Hexes          | |  0.1
Summonings     | |  0.1
Necromancy     | |  0.1
Translocations | |  0.1
Transmutations | |  0.1
Ice Magic      | |  0.1
Air Magic      | |  0.1
Earth Magic    | |  0.1
Poison Magic   | |  0.1
Evocations     | |  0.1

Action                   |  1- 3 |  4- 6 |  7- 9 | 10-12 || total
-------------------------+-------+-------+-------+-------++-------
Melee: Short sword       |     1 |       |       |       ||     1
       Spear             |    43 |    19 |    66 |       ||   128
 Cast: Foxfire           |    78 |   121 |   285 |    12 ||   496
       Sticky Flame      |       |       |    26 |     4 ||    30
       Fireball          |       |       |     2 |       ||     2
Evoke: Wand              |       |       |     3 |     1 ||     4
  Use: Potion            |     2 |       |       |       ||     2
 Stab: Sleeping          |     5 |       |     3 |       ||     8
Armor: Robe              |     7 |     4 |    10 |       ||    21
       Leather armour    |       |       |    11 |     6 ||    17
Dodge: Dodged            |    31 |    26 |    89 |    14 ||   160

Table legend: (Time is in decaauts)
 A = Elapsed time spent in this place.
 B = Non-inter-level travel time spent in this place.
 C = Inter-level travel time spent in this place.
 D = Time resting spent in this place.
 E = Time spent auto-exploring this place.
 F = Levels seen in this place.
 G = Mean time per level.
                   A        B        C        D        E       F      G
               +--------+--------+--------+--------+--------+-----+--------+
         Total |  10735 |  10324 |    411 |    496 |   8257 |  10 | 1073.5 |
       Dungeon |   9759 |   9349 |    410 |    496 |   7507 |   8 | 1219.9 |
        Temple |      1 |      1 |      0 |      0 |      0 |   1 |    1.0 |
         Sewer |    974 |    974 |      0 |      0 |    750 |   1 |  974.0 |
               +--------+--------+--------+--------+--------+-----+--------+

Top non-repeatable levels by time:
     D:4: 1400 daAuts
     D:3: 1332 daAuts
     D:7: 1330 daAuts
     D:2: 1289 daAuts
     D:8: 1221 daAuts
     D:1: 1171 daAuts
     D:5: 1143 daAuts
   Sewer: 974 daAuts
     D:6: 868 daAuts
  Temple: 1 daAuts
